 Dungeon Crawl Stone Soup version 0.19.0-1-g5985abe (webtiles) character file.

112 varam the Cudgeler (level 4, 0/50 HPs)
             Began as an Ogre Monk on Nov 2, 2016.
             Slain by an orc
             ... wielding a +0 falchion
              (5 damage)
             ... on level 2 of the Dungeon.
             The game lasted 00:04:12 (2189 turns).

varam the Cudgeler (Ogre Monk)                      Turns: 2189, Time: 00:04:13

Health: 0/50       AC:  3    Str: 16    XL:     4   Next: 93%
Magic:  4/4        EV: 11    Int:  9    God:
Gold:   98         SH:  0    Dex: 13    Spells: 0 memorised, 3 levels left

rFire  . . .     SeeInvis .     a - +0 mace
rCold  . . .     Gourm    .     b - +0 robe
rNeg   . . .     Faith    +     (no shield)
rPois  .         Spirit   .     (helmet restricted)
rElec  .         Reflect  .     (no cloak)
rCorr  .         Harm     .     (gloves unavailable)
MR     .....                    (boots unavailable)
Stlth  ++........               e - amulet of faith
                                (no ring)
                                (no ring)

@: no status effects
A: unfitting armour, tough skin 1
a: no special abilities


You were on level 2 of the Dungeon.
You were not hungry.

You visited 1 branch of the dungeon, and saw 3 of its levels.

You collected 98 gold pieces.

Inventory:

Hand Weapons
 a - a +0 mace (weapon)
Missiles
 o - 32 stones (quivered)
 s - 8 javelins
Armour
 b - a +0 robe (worn)
Jewellery
 e - an amulet of faith (around neck)
Scrolls
 d - 2 scrolls of immolation {unknown}
 f - 2 scrolls of identify {unknown}
 g - a scroll of magic mapping {unknown}
 j - a scroll of random uselessness {unknown}
 k - a scroll of amnesia {unknown}
 m - a scroll of recharging {unknown}
 p - 3 scrolls of teleportation {unknown}
Potions
 i - a potion of haste {unknown}
 q - a potion of heal wounds {unknown}
 r - a potion of invisibility {unknown}
Comestibles
 c - 2 bread rations
 h - 5 fruits
 l - a meat ration
 n - 2 chunks of flesh


   Skills:
 - Level 5.0 Fighting
 * Level 6.2 Maces & Flails
 + Level 0.6 Throwing
 + Level 2.8 Dodging
 - Level 1.4 Stealth


You had 3 spell levels left.
You didn't know any spells.

Dungeon Overview and Level Annotations

Branches:
Dungeon (3/15)

Altars:
Fedhas
Kikubaaqudgha
Makhleb
Nemelex Xobeh
Xom


Innate Abilities, Weirdness & Mutations

You are too large for most types of armour.
You have tough skin. (AC +1)


Message History

* * * LOW HITPOINT WARNING * * *
You hit the orc.
The orc is moderately wounded.
The orc hits you with a falchion.
* * * LOW HITPOINT WARNING * * *
You closely miss the orc.
The orc is moderately wounded.
The orc hits you but does no damage.
You completely miss the orc.
The orc is moderately wounded.
The orc hits you with a falchion.
* * * LOW HITPOINT WARNING * * *
You barely miss the orc.
The orc is moderately wounded.
The orc hits you with a falchion.
* * * LOW HITPOINT WARNING * * *
You closely miss the orc.
The orc is moderately wounded.
The orc hits you with a falchion.
You die...

##########
.........########
................#
................#
######.........o##
................@#
##.###.)........##
................####
...................#
................##.#
................##.#
..........########.#
##........########.#
.<...........PP....#


You could see an orc.

Vanquished Creatures
  An orc wizard (D:3)
  2 adders (D:2)
  4 worms (D:2)
  2 leopard geckos
  An orc (D:3)
  A giant cockroach (D:2)
  7 goblins
  2 hobgoblins
  4 jackals (D:2)
  A ball python (D:1)
  7 bats
  A frilled lizard (D:2)
  8 kobolds
  7 rats
48 creatures vanquished.

Notes
Turn   | Place    | Note
-------+----------+-------------------------------------------
     0 | D:1      | varam the Ogre Monk began the quest for the Orb.
     0 | D:1      | Reached XP level 1. HP: 24/24 MP: 1/1
   324 | D:1      | Reached XP level 2. HP: 25/32 MP: 2/2
   868 | D:2      | Reached skill level 5 in Maces & Flails
   868 | D:2      | Reached XP level 3. HP: 40/40 MP: 3/3
   977 | D:2      | Found a faded altar of an unknown god.
  1349 | D:2      | Found a blossoming altar of Fedhas.
  1464 | D:2      | Found an ancient bone altar of Kikubaaqudgha.
  1621 | D:2      | Reached XP level 4. HP: 36/49 MP: 4/4
  1736 | D:2      | Found a shimmering altar of Xom.
  1738 | D:2      | Found a burning altar of Makhleb.
  1795 | D:2      | Reached skill level 5 in Fighting
  2005 | D:2      | Found a sparkling altar of Nemelex Xobeh.
  2090 | D:2      | Reached skill level 6 in Maces & Flails
  2188 | D:2      | HP: 5/50 [orc/falchion (1)]
  2189 | D:2      | Slain by an orc

Skill      XL: |  1  2  3  4 |
---------------+-------------+-----
Maces & Flails | 5 6 |  6.2
Fighting       | 5 |  5.0
Throwing       | |  0.6
Dodging        | |  2.8
Stealth        | |  1.4

Action                   |  1- 3 |  4- 6 || total
-------------------------+-------+-------++-------
Melee: Mace              |   152 |    50 ||   202
 Stab: Sleeping          |     1 |       ||     1
  Eat: Chunk             |     2 |     2 ||     4
Armor: Robe              |    64 |     6 ||    70
Dodge: Dodged            |   112 |    22 ||   134
